AoeStats
← Kaizoku Oh

Arena

510163940Analyzed
4v4 RM · 3d ago on Sep 29, 2026· 48m 14s· 8 players
Game mode
Random Map
Map size
Large (8 player)
Population
200
Speed
Normal
Resources
Standard
Victory
Conquest
Starting age
Dark Age
Ending age
Imperial Age
RankedLock teamsTeams togetherTeam positionsShared explorationLock speedFull tech treeHidden civsTurbo modeCheats
Victory
Defeat
🇩🇪 Bohemians · Germany
1043
+16
🇺🇸 Ethiopians · United States
1029
+17
🇬🇧 Danes · United Kingdom
949
+20
🇭🇰 Franks · Hong Kong SAR China
947
+21
🇭🇷 Maya · Croatia
1075
-20
🇩🇪 Poles · Germany
1038
-18
🇩🇪 Romans · Germany
1036
-18
🇧🇷 Celts · Brazil
1023
-18
Cheriten
10:16 Feudal Age
8:55 Loom
14:37 Castle Age
12:57 Double-Bit Axe
13:00 Horse Collar
18:52 Wheelbarrow
18:16 Town Watch
21:03 Hand Cart
26:48 Scale Barding Armor
26:54 Forging
27:17 Husbandry
27:51 Light Cavalry
28:41 Bloodlines
34:55 Heavy Plow
38:22 Chain Barding Armor
38:37 Iron Casting
45:47 Imperial Age
44:02 Fortified Wall
47:38 Blast Furnace
46:00 Winged Hussar
48:26 Lechitic Legacy
48:27 Conscription
48:10 Scale Mail Armor
Filip_jede_Meso
0:27 Loom
10:50 Feudal Age
14:44 Castle Age
12:44 Double-Bit Axe
12:57 Horse Collar
18:31 Fervor
20:38 Bow Saw
25:56 Wheelbarrow
25:07 Town Watch
25:53 Scale Mail Armor
26:54 Stone Mining
26:56 Gold Mining
27:13 Heavy Plow
29:42 Fletching
29:54 Padded Archer Armor
30:16 Ballistics
32:28 Imperial Age
30:15 Hand Cart
30:59 Stone Shaft Mining
30:40 Bodkin Arrow
31:44 Sanctity
31:41 Leather Archer Armor
32:37 Elite Plumed Archer
33:38 Conscription
33:20 Bracer
34:21 Chemistry
34:53 Ring Archer Armor
34:35 Masonry
34:46 Murder Holes
35:41 Chain Mail Armor
35:36 Forging
35:59 Fortified Wall
36:10 Eagle Warrior
36:21 Man-at-Arms
37:02 Squires
37:33 Plate Mail Armor
37:27 Long Swordsman
40:01 Iron Casting
38:49 Two-Handed Swordsman
40:47 Architecture
40:58 Hoardings
iCrasher
6:14 Loom
10:43 Feudal Age
11:15 Double-Bit Axe
11:12 Horse Collar
11:57 Gold Mining
13:24 Stone Mining
19:52 Castle Age
21:20 Wheelbarrow
21:24 Gold Shaft Mining
21:00 Bow Saw
21:04 Heavy Plow
22:24 Man-at-Arms
23:47 Town Watch
23:32 Long Swordsman
25:16 Scale Mail Armor
25:29 Forging
30:03 Hand Cart
29:49 Town Patrol
34:25 Imperial Age
31:42 Pikeman
33:50 Bloodlines
33:41 Husbandry
34:02 Squires
35:55 Legionary
37:04 Conscription
38:45 Comitatenses
40:14 Ballistics
40:55 Chemistry
40:57 Halberdier
43:14 Heavy Scorpion
44:26 Siege Engineers
NeverArabia
11:02 Feudal Age
13:11 Loom
14:55 Double-Bit Axe
17:41 Castle Age
15:56 Gold Mining
15:57 Stone Mining
17:17 Horse Collar
21:03 Fervor
25:01 Bow Saw
25:50 Wheelbarrow
26:01 Wheelbarrow
26:00 Heavy Plow
30:43 Imperial Age
29:36 Gambesons
30:24 Forging
30:15 Scale Mail Armor
31:14 Heavy Scorpion
cinerateURbutt
5:19 Loom
11:15 Feudal Age
16:00 Castle Age
14:21 Double-Bit Axe
14:19 Horse Collar
19:02 Gold Mining
20:28 Scale Mail Armor
25:29 Arson
26:22 Forging
28:33 Bow Saw
28:55 Chain Mail Armor
31:06 Wheelbarrow
30:57 Fletching
31:22 Town Watch
32:34 Bodkin Arrow
32:27 Crossbowman
37:35 Imperial Age
36:26 Hand Cart
36:58 Thumb Ring
37:40 Gold Shaft Mining
38:17 Town Patrol
38:17 Halberdier
40:41 Plate Mail Armor
40:10 Arbalester
41:51 Iron Casting
42:48 Chemistry
44:40 Blast Furnace
45:05 Bracer
45:29 Ballistics
Kaizoku Oh
11:04 Feudal Age
13:46 Double-Bit Axe
17:21 Castle Age
15:41 Horse Collar
17:46 Forging
17:37 Scale Mail Armor
20:18 Bow Saw
24:20 Arson
26:37 Iron Casting
26:47 Chain Mail Armor
27:33 Loom
30:39 Wheelbarrow
36:55 Imperial Age
38:53 Conscription
37:57 Elite Jomsviking
38:07 Capped Ram
39:26 Hand Cart
39:43 Heavy Plow
40:36 Squires
41:15 Plate Mail Armor
41:51 Blast Furnace
40:55 Siege Ram
44:13 Padded Archer Armor
44:04 Fletching
44:49 Heavy Mounted Crossbowman
44:49 Cranequins
45:36 Thumb Ring
48:09 Leather Archer Armor
BabyShark
4:43 Loom
11:14 Feudal Age
17:36 Castle Age
16:53 Double-Bit Axe
17:06 Gold Mining
21:45 Wheelbarrow
23:53 Hand Cart
26:17 Imperial Age
23:38 Town Watch
24:31 Bow Saw
25:40 Hand Cart
26:08 Scale Barding Armor
26:14 Forging
27:56 Husbandry
27:18 Cavalier
28:20 Chain Barding Armor
30:07 Plate Barding Armor
30:50 Iron Casting
32:12 Paladin
34:55 Blast Furnace
36:30 Conscription
39:53 Fortified Wall
39:26 Treadmill Crane
41:28 Caravan
43:05 Coinage
46:08 Banking
Maudi
0:31 Loom
11:04 Feudal Age
16:30 Castle Age
14:47 Double-Bit Axe
15:37 Horse Collar
17:06 Wheelbarrow
19:08 Fervor
21:32 Heavy Plow
23:43 Bow Saw
24:36 Chemistry
24:17 Padded Archer Armor
25:32 Town Watch
28:45 Leather Archer Armor
33:39 Imperial Age
31:19 Murder Holes
32:08 Fletching
33:12 Elite Skirmisher
34:46 Bodkin Arrow
39:56 Houfnice
41:25 Ballistics
42:39 Ring Archer Armor
42:10 Bracer
45:02 Scale Mail Armor
45:12 Forging
45:08 Scale Barding Armor
45:10 Siege Engineers
45:16 Masonry
44:52 Arrowslits
45:26 Hand Cart
46:24 Conscription
46:10 Wagenburg Tactics
Connection lost

Rejoining the realm…

Still unreachable

The connection could not be restored.

Session expired

The server has moved on; the page needs a fresh start.